 Dungeon Crawl Stone Soup version 0.23.2-1-ga50397a6bc (webtiles) character file.

Game seed: 11388172071486697502

1302 Descartes the Shield-Bearer (level 8, -1/62 HPs)
             Began as a Formicid Fighter on Apr 18, 2019.
             Was a Follower of Cheibriados.
             Slain by an orc warrior
             ... wielding a +0 halberd
              (5 damage)
             ... on level 6 of the Dungeon.
             The game lasted 00:12:39 (5738 turns).

Descartes the Shield-Bearer (Formicid Fighter)      Turns: 5738, Time: 00:12:40

Health: -1/62      AC: 14    Str: 24    XL:     8   Next: 87%
Magic:  0/17       EV:  9    Int: 11    God:    Cheibriados [*.....]
Gold:   356        SH: 11    Dex: 15    Spells: 7/7 levels left

rFire    . . .     SeeInvis +   H - +0 broad axe
rCold    . . .     Gourm    .   c - +0 shield
rNeg     . . .     Faith    .   A - +0 chain mail
rPois    .         Spirit   +   (helmet unavailable)
rElec    .         Reflect  .   (no cloak)
rCorr    .         Harm     .   (no gloves)
MR       .....                  (no boots)
Stlth    ..........             z - amulet of guardian spirit
HPRegen  0.20/turn              j - ring of magical power
MPRegen  0.15/turn              e - +4 ring of protection

@: very slow
A: permanent stasis, dig shafts and tunnels, four strong arms, antennae 3
a: Dig, Shaft Self, Bend Time, Renounce Religion


You were on level 6 of the Dungeon.
You worshipped Cheibriados.
Cheibriados was aware of your devotion.
You were hungry.

You visited 2 branches of the dungeon, and saw 7 of its levels.

You collected 356 gold pieces.

Inventory:

Hand Weapons
 d - a +0 spear of freezing
 y - a +0 morningstar
 D - a +3 dire flail of protection
 H - a +0 broad axe (weapon)
 I - a cursed -2 glaive
Missiles
 u - a throwing net (quivered)
Armour
 c - a +0 shield (worn)
 A - a +0 chain mail (worn)
 E - a +0 ring mail of fire resistance
Magical Staves
 C - an uncursed staff of summoning {unknown}
Jewellery
 e - a +4 ring of protection (right hand)
 j - a ring of magical power (left hand)
 n - an uncursed ring of fire
 z - an amulet of guardian spirit (around neck)
Wands
 b - a wand of paralysis (14)
 F - a wand of random effects (15)
Scrolls
 l - 9 scrolls of identify {unknown}
 o - 3 scrolls of enchant armour {unknown}
 r - a scroll of immolation {unknown}
 t - a scroll of enchant weapon {unknown}
 v - 3 scrolls of teleportation {unknown}
 w - 2 scrolls of fog {unknown}
 B - 2 scrolls of remove curse {unknown}
Potions
 g - a potion of haste {unknown}
 h - 8 potions of curing {unknown}
 i - a potion of brilliance {unknown}
 k - 3 potions of agility {unknown}
 m - a potion of degeneration {unknown}
 p - a potion of flight {unknown}
 q - 2 potions of lignification {unknown}
 s - a potion of ambrosia {unknown}
 x - a potion of cancellation {unknown}
 G - a potion of magic {unknown}
Comestibles
 f - 12 rations


   Skills:
 + Level 5.2 Fighting
 + Level 4.2 Axes
 * Level 6.8 Armour
 + Level 3.1 Dodging
 * Level 7.4 Shields


You had 7 spell levels left.
You didn't know any spells.
Your spell library contained the following spells:

 Spells                   Type           Power        Failure   Level  Hunger
 Confusing Touch          Hex            #.....       97%         1    ##.....
 Confuse                  Hex            #.......     100%        3    ####...
 Gell's Gravitas          Tloc           #.........   100%        3    ####...
 Petrify                  Tmut/Erth      #.......     100%        4    #####..
 Metabolic Englaciation   Hex/Ice        #.........   100%        5    ######.
 Yara's Violent Unravell  Hex/Tmut       #.........   100%        5    ######.


Dungeon Overview and Level Annotations

Branches:
Dungeon (6/15)             Temple (1/1) D:5

Altars:
Ashenzari
Cheibriados
Dithmenos
Elyvilon
Fedhas
Hepliaklqana
Kikubaaqudgha
Makhleb
Okawaru
Ru
Sif Muna
Uskayaw
Xom
Zin

Shops:
D:4 [


Innate Abilities, Weirdness & Mutations

You cannot be hasted, slowed, berserked, paralysed or teleported.
You can dig through walls and to a lower floor.
Your four strong arms can wield two-handed weapons with a shield.
You have a pair of large antennae on your head. (SInv)


Message History

You slash the orc warrior!
The orc warrior is severely wounded.
The orc warrior barely misses you.
You barely miss the orc warrior.
The orc warrior is severely wounded.
The orc warrior hits you with a +0 halberd.
* * * LOW HITPOINT WARNING * * *
You closely miss the orc warrior.
The orc warrior is severely wounded.
The orc warrior hits you but does no damage.
You barely miss the orc warrior.
The orc warrior is severely wounded.
You block the orc warrior's attack.
You closely miss the orc warrior.
The orc warrior is severely wounded.
The orc warrior hits you but does no damage.
You closely miss the orc warrior.
The orc warrior is severely wounded.
The orc warrior hits you with a +0 halberd.
You die...

####...........#
#............#.##
.............#..#
............###.##
#.........####..## #
###.....###.#.#..# #
####{#.#.#.#.oo## ##
#o###.######..####.
##@###o##..........
##.#..........####
#.............#
#.............# .
##........(...#
...## #............#
......#).........###
...............###
...#####.#######


You could see an orc warrior.

Vanquished Creatures
  Sigmund (D:3)
  Edmund (D:6)
  Duvessa (D:5)
  A sky beast (D:5)
  An ogre (D:6)
  A bullfrog (D:6)
  Dowan (D:5)
  A scorpion (D:6)
  2 crimson imps (D:5)
  An orc priest (D:4)
  A gnoll shaman (D:6)
  Terence (D:3)
  2 orc wizards
  2 worker ants
  Natasha (twice) (D:3)
  2 hound zombies (D:5)
  A worker ant zombie (D:6)
  3 adders
  11 gnolls
  An ooze (D:3)
  An adder zombie (D:6)
  An adder skeleton (D:4)
  3 worms
  3 leopard geckos
  12 orcs
  3 ball pythons
  7 giant cockroaches
  9 goblins
  11 hobgoblins
  14 jackals
  4 kobolds
  4 quokkas
  5 bats
  3 frilled lizards
  6 rats
123 creatures vanquished.

Notes
Turn   | Place    | Note
-------+----------+-------------------------------------------
     0 | D:1      | Descartes the Formicid Fighter began the quest for the Orb.
     0 | D:1      | Reached XP level 1. HP: 18/18 MP: 1/1
   127 | D:1      | Reached XP level 2. HP: 21/24 MP: 2/2
   406 | D:1      | Reached skill level 4 in Shields
   916 | D:2      | Reached XP level 3. HP: 29/29 MP: 3/3
  1357 | D:2      | Reached XP level 4. HP: 24/35 MP: 4/4
  1692 | D:2      | Found a shimmering altar of Xom.
  2066 | D:3      | Reached skill level 1 in Dodging
  2066 | D:3      | Reached XP level 5. HP: 24/42 MP: 5/5
  2296 | D:3      | Noticed Terence
  2298 | D:3      | Noticed Sigmund
  2316 | D:3      | Killed Sigmund
  2316 | D:3      | Reached skill level 5 in Shields
  2316 | D:3      | Reached XP level 6. HP: 21/48 MP: 6/6
  2316 | D:3      | Killed Terence
  2559 | D:3      | Reached skill level 5 in Armour
  3024 | D:3      | Found a shadowy altar of Dithmenos.
  3027 | D:3      | Found a hide-covered altar of Uskayaw.
  3027 | D:3      | Noticed Natasha
  3038 | D:3      | Killed Natasha
  3135 | D:3      | Found a deep blue altar of Sif Muna.
  3138 | D:3      | Found a snail-covered altar of Cheibriados.
  3223 | D:3      | Noticed Natasha
  3228 | D:3      | Killed Natasha
  3228 | D:3      | Reached XP level 7. HP: 54/54 MP: 7/7
  3619 | D:4      | Found Falliep's Armour Boutique.
  4241 | D:3      | Became a worshipper of Cheibriados the Contemplative
  4289 | D:5      | Entered Level 5 of the Dungeon
  4476 | D:5      | Found a staircase to the Ecumenical Temple.
  4486 | Temple   | Entered the Ecumenical Temple
  4819 | D:5      | Reached skill level 6 in Shields
  5112 | D:6      | Noticed Edmund
  5140 | D:6      | Killed Edmund
  5140 | D:6      | Reached XP level 8. HP: 43/61 MP: 8/8
  5187 | D:6      | Noticed Duvessa
  5188 | D:6      | Noticed Dowan
  5203 | D:5      | Killed Dowan
  5207 | D:5      | Killed Duvessa
  5207 | D:5      | Reached * piety under Cheibriados
  5308 | D:6      | Reached skill level 5 in Fighting
  5351 | D:6      | Reached skill level 7 in Shields
  5526 | D:6      | Found an iron altar of Okawaru.
  5700 | D:6      | HP: 1/62 [orc priest/divine providence (10)]
  5732 | D:6      | HP: 3/62 [orc warrior/+0 halberd (5)]
  5738 | D:6      | Slain by an orc warrior

Skill      XL: |  1  2  3  4  5  6  7  8 |
---------------+-------------------------+-----
Shields        | 4 5 6 7 |  7.4
Armour         | 4 5 6 |  6.8
Dodging        | 1 2 3 |  3.1
Fighting       | 4 5 |  5.2
Axes           | 3 4 |  4.2

Action                   |  1- 3 |  4- 6 |  7- 9 || total
-------------------------+-------+-------+-------++-------
Melee: War axe           |   105 |   153 |   163 ||   421
       Broad axe         |       |       |    61 ||    61
 Abil: Dig               |       |       |     4 ||     4
  Use: Potion            |       |     1 |     1 ||     2
  Eat: Chunk             |     2 |     6 |     8 ||    16
Armor: Scale mail        |    47 |    69 |    14 ||   130
       Chain mail        |       |       |    77 ||    77
       Skin              |       |       |     2 ||     2
Dodge: Dodged            |    25 |    61 |    86 ||   172
Block: Shield            |    66 |    95 |   135 ||   296
